 Dungeon Crawl Stone Soup version 0.21.0-3-g78d12a8 (webtiles) character file.

2257 asishallab the Cleaver (level 9, 0/64 HPs)
             Began as a Formicid Fighter on Jan 12, 2018.
             Was a Follower of Cheibriados.
             Slain by a killer bee (5 damage)
             ... on level 6 of the Dungeon.
             The game lasted 00:16:40 (5664 turns).

asishallab the Cleaver (Formicid Fighter)           Turns: 5664, Time: 00:16:41

Health: 0/64       AC: 11    Str: 29    XL:     9   Next: 64%
Magic:  11/11      EV: 10    Int: 11    God:    Cheibriados [*.....]
Gold:   331        SH: 13    Dex: 16    Spells: 8/8 levels left

rFire    . . .     SeeInvis +   a - +0 war axe
rCold    + . .     Gourm    .   c - +1 shield
rNeg     . . .     Faith    .   p - +2 chain mail {rC+}
rPois    .         Spirit   .   (helmet unavailable)
rElec    .         Reflect  .   (no cloak)
rCorr    .         Harm     .   (no gloves)
MR       .....                  (no boots)
Stlth    ..........             (no amulet)
HPRegen  0.20/turn              (no ring)
MPRegen  0.12/turn              (no ring)

@: mighty, lethally poisoned (0 -> -16), very slow
A: permanent stasis, dig shafts and tunnels, four strong arms, antennae 3,
repulsion field 1, low mp 1, screaming 1, subdued magic 1
a: Dig, Shaft Self, Bend Time, Renounce Religion


You were on level 6 of the Dungeon.
You worshipped Cheibriados.
Cheibriados was aware of your devotion.
You were not hungry.

You visited 2 branches of the dungeon, and saw 7 of its levels.

You collected 331 gold pieces.

Inventory:

Hand Weapons
 a - a +0 war axe (weapon)
 b - a +0 hunting sling
Missiles
 h - 280 stones
 i - 3 tomahawks (quivered)
 w - 39 sling bullets
Armour
 c - a +1 shield (worn)
 p - a +2 chain mail of cold resistance (worn)
Jewellery
 o - an uncursed ring of stealth {unknown}
 q - a +3 ring of strength {unknown}
 r - an uncursed ring of see invisible {unknown}
Scrolls
 g - 5 scrolls of remove curse
 l - 6 scrolls of identify
 s - a scroll of enchant armour
Potions
 n - a potion of resistance
 v - a potion of brilliance
Comestibles
 f - 11 rations


   Skills:
 - Level 3.2 Fighting
 * Level 9.5 Axes
 - Level 3.2 Armour
 + Level 8.6 Shields
 + Level 5.1 Invocations


You had 8 spell levels left.
You didn't know any spells.

Dungeon Overview and Level Annotations

Branches:
Dungeon (5/15)             Temple (1/1) D:4

Altars:
Ashenzari
Cheibriados
Dithmenos
Elyvilon
Fedhas
Gozag
Hepliaklqana
Kikubaaqudgha
Makhleb
Nemelex Xobeh
Okawaru
Qazlal
Ru
Sif Muna
Trog
Uskayaw
Vehumet
Wu Jian
Xom
Yredelemnul
Zin
The Shining One

Annotations:
D:5 Edmund
D:6 1 runed door


Innate Abilities, Weirdness & Mutations

You cannot be hasted, slowed, berserked, paralysed or teleported.
You can dig through walls and to a lower floor.
Your four strong arms can wield two-handed weapons with a shield.
You have a pair of large antennae on your head. (SInv)
You are surrounded by a mild repulsion field. (EV +2)
Your magical capacity is low. (-10% MP)
You occasionally shout uncontrollably at your foes.
Your spells are a little easier to cast, but a little less powerful.


Message History

You feel sick. The killer bee stings you.
* * * LOW HITPOINT WARNING * * *
You are more poisoned.
The killer bee poisons you! You block the killer bee's attack.
You miss the killer bee.
The killer bee is heavily wounded.
You feel sick. You block the killer bee's attack. x2
You miss the killer bee.
The killer bee is heavily wounded.
You feel sick. The killer bee stings you.
* * * LOW HITPOINT WARNING * * *
You are lethally poisoned!
The killer bee poisons you! The killer bee stings you.
* * * LOW HITPOINT WARNING * * *
Okay, then.
You closely miss the killer bee.
The killer bee is heavily wounded.
* * * LOW HITPOINT WARNING * * *
You feel sick. The killer bee stings you.
You die...

# +.....#...###.###
..##.#.....##..# #....
###..##.....#..# ##...
##.....###'###..# #.##
......#.['.....# #.##
#.....###'###..####...
###..##.....#.........
##y#.....##..####.##
#@.....#...# #.#
##....##.#.# #.#
######..#.# #.#
.......##.# #.#
##########.# #.# #.
...


You could see a killer bee.

Vanquished Creatures
  4 soldier ants (D:6)
  2 water moccasins (D:6)
  An orc warrior (D:6)
  A phantom (D:4)
  A necrophage (D:6)
  An ogre (D:5)
  3 big kobolds (D:4)
  A bullfrog (D:6)
  6 killer bees (D:6)
  A crimson imp (D:3)
  2 hounds
  2 orc wizards
  10 worker ants
  7 adders
  11 gnolls (D:4)
  An adder skeleton (D:4)
  A worm (D:3)
  6 dart slugs
  4 leopard geckos
  12 orcs
  A ball python (D:2)
  4 bats
  A giant cockroach (D:3)
  29 goblins
  30 hobgoblins
  2 jackals (D:1)
  6 kobolds
  A quokka (D:6)
  2 frilled lizards
  4 rats
157 creatures vanquished.

Notes
Turn   | Place    | Note
-------+----------+-------------------------------------------
     0 | D:1      | asishallab the Formicid Fighter began the quest for the Orb.
     0 | D:1      | Reached XP level 1. HP: 18/18 MP: 1/1
   176 | D:1      | Reached XP level 2. HP: 11/24 MP: 2/2
   913 | D:2      | Gained mutation: You are clumsy. (Dex -2) [potion of mutation]
   913 | D:2      | Gained mutation: You are somewhat resistant to further mutation. [potion of mutation]
   930 | D:2      | Found a basalt altar of Yredelemnul.
   940 | D:2      | Reached XP level 3. HP: 29/29 MP: 3/3
   961 | D:2      | Reached skill level 3 in Axes
  1151 | D:2      | Lost mutation: You are clumsy. (Dex -2) [potion of mutation]
  1151 | D:2      | Lost mutation: You are somewhat resistant to further mutation. [potion of mutation]
  1151 | D:2      | Gained mutation: You occasionally shout uncontrollably at your foes. [potion of mutation]
  1151 | D:2      | Gained mutation: Your spells are a little easier to cast, but a little less powerful. [potion of mutation]
  1151 | D:2      | Gained mutation: Your magical capacity is low. (-10% MP) [potion of mutation]
  1151 | D:2      | Gained mutation: You are surrounded by a mild repulsion field. (EV +2) [potion of mutation]
  1602 | D:2      | Reached XP level 4. HP: 35/35 MP: 3/3
  2198 | D:3      | Found a deep blue altar of Sif Muna.
  2199 | D:3      | Found a hide-covered altar of Uskayaw.
  2244 | D:3      | Found a radiant altar of Vehumet.
  2602 | D:3      | Found a shimmering altar of Xom.
  2603 | D:3      | Found a burning altar of Makhleb.
  2608 | D:3      | Reached skill level 4 in Axes
  2608 | D:3      | Reached XP level 5. HP: 40/41 MP: 4/4
  2737 | D:4      | Reached skill level 5 in Shields
  2813 | D:4      | Reached XP level 6. HP: 47/47 MP: 5/5
  2852 | D:4      | Reached skill level 5 in Axes
  2925 | D:4      | Noticed a phantom
  2957 | D:4      | Killed a phantom
  3015 | D:4      | Reached XP level 7. HP: 46/52 MP: 6/6
  3217 | D:4      | Reached skill level 6 in Axes
  3448 | D:4      | Reached skill level 7 in Axes
  3448 | D:4      | Reached XP level 8. HP: 58/58 MP: 7/7
  3477 | D:4      | Found a snail-covered altar of Cheibriados.
  3481 | D:4      | Became a worshipper of Cheibriados the Contemplative
  3695 | D:4      | Found a staircase to the Ecumenical Temple.
  3701 | Temple   | Entered the Ecumenical Temple
  4439 | D:5      | Entered Level 5 of the Dungeon
  4490 | D:5      | Noticed Edmund
  4493 | D:5      | Reached skill level 1 in Invocations
  4509 | D:5      | You fall through a shaft!
  5156 | D:6      | Found a runed gate.
  5156 | D:6      | Found a runed gate.
  5158 | D:6      | Found a runed gate.
  5163 | D:6      | Found a runed door.
  5163 | D:6      | Found a runed door.
  5178 | D:6      | Reached skill level 8 in Axes
  5198 | D:6      | Reached XP level 9. HP: 62/64 MP: 10/10
  5216 | D:6      | Reached * piety under Cheibriados
  5249 | D:6      | Reached skill level 9 in Axes
  5271 | D:6      | HP: 4/96 [poisoned by a soldier ant]
  5277 | D:6      | HP: 3/96 [poisoned by a soldier ant]
  5282 | D:6      | HP: 2/96 [poisoned by a soldier ant]
  5288 | D:6      | HP: 2/96 [poisoned by a soldier ant]
  5297 | D:6      | HP: 2/96 [poisoned by a soldier ant]
  5303 | D:6      | HP: 3/96 [poisoned by a soldier ant]
  5309 | D:6      | HP: 3/96 [poisoned by a soldier ant]
  5315 | D:6      | HP: 2/64 [poisoned by a soldier ant]
  5649 | D:6      | Reached skill level 5 in Invocations
  5664 | D:6      | Slain by a killer bee

Skill      XL: |  1  2  3  4  5  6  7  8  9 |
---------------+----------------------------+-----
Shields        | 4 5 6 7 8 |  8.6
Axes           | 3 4 5 7 8 9 |  9.5
Invocations    | 3 5 |  5.1
Fighting       | |  3.2
Armour         | |  3.2

Action                   |  1- 3 |  4- 6 |  7- 9 || total
-------------------------+-------+-------+-------++-------
Melee: War axe           |   115 |   160 |   303 ||   578
 Fire: Hunting sling     |       |       |     8 ||     8
Throw: Stone             |     7 |     5 |       ||    12
Invok: Bend Time         |       |       |     1 ||     1
 Abil: Dig               |       |       |     1 ||     1
       Shaft Self        |       |       |     1 ||     1
  Use: Potion            |     7 |       |    12 ||    19
       Scroll            |     1 |       |     3 ||     4
  Eat: Chunk             |     2 |     5 |     6 ||    13
       Ration            |       |       |     1 ||     1
Armor: Scale mail        |    22 |       |       ||    22
       Chain mail        |    33 |    90 |   117 ||   240
       Skin              |       |       |    11 ||    11
Dodge: Dodged            |    40 |    58 |   125 ||   223
Block: Shield            |    70 |    99 |   197 ||   366
